Map: Stargazers

Players

XFACTiiON

  • Race: Protoss Protoss
  • Spawn Location: 11:00

Enstatite - Winner!

  • Race: Terran Terran
  • League: Silver
  • Spawn Location: 1:00

VOD

Have the link to the VOD?

Description

I panicked

Time

  • Played on: Jan. 18, 2023, 2:24 p.m.
  • Length: 16:37
Show
View Real Time Build Order
Export as new Build Order

XFACTiiON Protoss 

Build Orders: Cannon Rush 

Get SALT Encoding   

  12  0:17  Pylon  
  12  0:29  Probe  
  13  0:38  Forge  
  13  0:41  Probe (Chrono Boost)  
  14  0:53  Probe (Chrono Boost)  
  15  1:03  Pylon  
  15  1:13  Pylon  
  15  1:14  Pylon  
  15  1:23  Photon Cannon  
  15  1:31  Photon Cannon  
  14  1:43  Photon Cannon  
  14  1:59  Photon Cannon  
  14  2:07  Photon Cannon  
  14  2:13  Photon Cannon  
  14  2:17  Pylon  
  14  2:28  Pylon  
  14  2:35  Photon Cannon  
  14  2:40  Probe  
  15  2:52  Probe  
  16  3:00  Photon Cannon  
  16  3:05  Probe  
  17  3:08  Gateway  
  17  3:11  Assimilator  
  17  3:28  Gateway  
  17  3:31  Pylon  
  17  3:50  Pylon  
  17  4:03  Cybernetics Core  
  17  4:05  Gateway  
  17  4:11  Assimilator  
  17  4:17  Pylon  
  17  4:29  Photon Cannon  
  17  4:33  Warp Gate (Chrono Boost)  
  17  4:59  Gateway  
  17  5:23  Gateway  
  17  5:31  Pylon  
  17  5:38  Probe (Chrono Boost)  
  18  5:49  Probe (Chrono Boost)  
  19  5:50  Gateway  
  19  5:54  Probe (Chrono Boost)  
  20  6:05  Probe  
  21  6:16  Stalker x2  
  21  6:17  Probe  
  21  6:18  Zealot  
  24  6:27  Stalker  
  24  6:54  Pylon  
  24  7:00  Stalker x2  
  24  7:01  Stalker  
  29  7:09  Stalker  
  31  7:19  Sentry x2  
  32  7:35  Probe  
  33  7:39  Stalker  
  35  7:47  Probe  
  36  7:59  Stalker x2  
  20  8:43  Zealot x4  
  20  8:44  Zealot x2  
  32  9:04  Stalker x2  
  32  9:08  Stalker  
  38  9:12  Sentry  
  38  9:16  Sentry  
  42  9:26  Stalker  
  35  10:06  Stalker x4  
  37  10:09  Sentry  
  25  10:43  Stalker x3  
  25  10:46  Zealot  
  29  10:57  Stalker  
  29  10:59  Sentry  
  29  11:31  Stalker x3  
  29  11:36  Sentry  
  19  12:14  Stalker x2  
  19  12:15  Stalker  
  25  12:19  Sentry  
  22  13:05  Probe  
  23  13:18  Probe  
  24  13:20  Nexus  
  24  13:30  Probe  
  19  13:38  Stalker  
  19  13:40  Sentry  
  23  13:49  Sentry  
  25  14:00  Pylon  
  25  14:16  Stalker  
  27  14:22  Sentry  
  29  14:32  Probe (Chrono Boost)  
  30  14:44  Probe (Chrono Boost)  
  31  14:58  Robotics Facility, Probe  
  32  15:10  Zealot, Probe  
  35  15:31  Probe  
  35  15:33  Probe  
  37  15:39  Assimilator  
  37  15:44  Probe  
  38  15:50  Assimilator  
  38  15:55  Stalker  
  38  15:56  Probe  
  41  15:57  Sentry  
  39  16:08  Probe  
  28  16:20  Probe  
Show
View Real Time Build Order
Export as new Build Order

Enstatite Terran - Winner!

Build Orders:  

Get SALT Encoding   

  12  0:00  SCV  
  13  0:12  SCV  
  14  0:28  Supply Depot  
  14  0:30  SCV  
  15  0:44  Refinery  
  15  0:50  SCV  
  15  0:55  Barracks  
  16  1:02  SCV  
  17  1:29  SCV  
  18  2:00  Orbital Command  
  17  2:07  Marine  
  17  2:32  Marine  
  16  2:44  Factory  
  16  2:46  SCV  
  13  3:09  Command Center  
  13  3:29  Factory Tech Lab  
  13  3:37  Orbital Command  
  13  4:29  Siege Tank  
  16  4:46  SCV  
  17  4:58  SCV  
  18  5:00  SCV  
  19  5:11  Orbital Command  
  19  5:16  Orbital Command  
  19  5:28  Hellion  
  21  5:44  SCV x2  
  21  5:49  Hellion  
  25  5:56  SCV x2  
  27  6:08  SCV x2  
  27  6:11  Hellion  
  31  6:20  SCV x2  
  33  6:32  Hellion, SCV x2  
  37  6:41  Refinery  
  37  6:44  SCV  
  37  6:46  Refinery  
  38  6:49  Barracks Reactor, Supply Depot  
  38  7:06  Supply Depot  
  38  7:08  Engineering Bay  
  38  7:10  SCV x2  
  40  7:16  Command Center  
  40  7:22  SCV x2  
  42  7:41  Missile Turret, SCV x2  
  42  7:44  Siege Tank  
  47  7:48  Starport  
  47  7:58  Missile Turret  
  47  8:08  SCV x2  
  48  8:20  SCV x2  
  45  8:28  Siege Tank  
  45  8:32  SCV  
  47  8:36  Marine x2  
  49  8:49  SCV  
  49  8:50  SCV  
  51  9:00  Siege Tank  
  51  9:02  SCV x2  
  56  9:05  Liberator  
  56  9:07  Marine x2  
  61  9:15  SCV x2  
  61  9:17  Orbital Command  
  63  9:20  Refinery  
  63  9:33  Missile Turret  
  63  9:34  Siege Tank, Refinery  
  47  9:56  Missile Turret  
  43  10:11  Siege Tank  
  43  10:13  Marine x2  
  47  10:21  SCV x2  
  49  10:23  SCV  
  49  10:31  Marine x2  
  48  10:35  SCV  
  47  10:44  SCV  
  47  10:45  SCV  
  47  11:00  Siege Tank  
  47  11:02  Liberator  
  41  11:49  Orbital Command  
  41  11:59  Liberator  
  44  12:17  SCV x3  
  47  12:26  Siege Tank, Marine x2  
  52  12:33  Barracks  
  52  12:35  Barracks  
  52  12:36  SCV x3  
  55  12:39  Barracks  
  55  12:41  Liberator  
  58  12:44  Marine x2  
  60  12:52  SCV x2  
  60  12:53  SCV  
  60  12:58  Siege Tank  
  66  13:02  Marine x2  
  65  13:11  SCV x2  
  67  13:20  Marine x2  
  69  13:37  Marine  
  69  13:38  Marine  
  68  13:44  Supply Depot  
  68  13:45  Supply Depot  
  68  13:46  Barracks Reactor  
  68  13:47  Supply Depot  
  68  13:48  Barracks Tech Lab  
  68  13:50  Barracks Reactor  
  68  13:55  Missile Turret  
  68  13:56  Barracks  
  68  14:05  Siege Tank  
  71  14:10  Command Center  
  71  14:11  Marauder  
  71  14:12  Stimpack  
  71  14:15  Starport Reactor, Marine  
  71  14:16  Marine  
  75  14:23  Marine x2  
  77  14:26  Marine x2  
  79  14:32  Marauder  
  79  14:33  Marine x2  
  79  14:34  Terran Infantry Weapons Level 1  
  79  14:37  Supply Depot  
  79  14:38  Supply Depot, Siege Tank, Engineering Bay  
  86  14:41  Marine x2, SCV x3  
  86  14:43  Marine  
  86  14:44  Marine  
  93  14:58  SCV  
  94  15:10  Marine x2  
  94  15:12  Marine x2  
  94  15:13  Marine x2  
  100  15:15  SCV x2  
  100  15:16  SCV  
  103  15:22  Medivac x2  
  103  15:27  Siege Tank, SCV  
  103  15:28  Marine x2  
  112  15:30  Marine x4  
  117  15:45  Marine  
  118  15:52  Medivac x2  
  122  16:06  Supply Depot x2  
  122  16:08  Supply Depot  
Tags
 
League
Silver
Matchup
PvT
Spawn Locations
Close Positions
Add a new tag
Caveats
  • Supply blocks, unpowered buildings, or Contaminate may cause inaccurate times.
  • Supply counts are checked every 10 seconds.